 Dungeon Crawl Stone Soup version 0.18.1-48-g4cf74bf (webtiles) character file.

21 Joat the Grave Robber (level 2, -1/19 HPs)
             Began as a Demonspawn Necromancer on July 27, 2016.
             Slain by a goblin
             ... wielding a +0 dagger
              (3 damage)
             ... on level 1 of the Dungeon.
             The game lasted 00:08:34 (897 turns).

Joat the Grave Robber (Demonspawn Necromancer)       Turns: 897, Time: 00:08:35

Health: -1/19      AC:  4    Str:  8    XL:     2   Next: 65%
Magic:  5/5        EV: 11    Int: 16    God:
Gold:   7          SH:  0    Dex: 13    Spells: 2 memorised, 3 levels left

rFire  . . .     SeeInvis .     (no weapon)
rCold  . . .     Gourm    .     f - +0 leather armour
rNeg   . . .     Faith    .     (no shield)
rPois  .         Spirit   .     d - +0 helmet
rElec  .         Dismiss  .     (no cloak)
rCorr  .         Reflect  .     (no gloves)
SustAt .         Harm     .     (no boots)
MR     .....                    (no amulet)
Stlth  ++........               (no ring)
                                j - ring of wizardry

@: not resistant to hostile enchantments, unstealthy
A: talons 1
a: no special abilities


You were on level 1 of the Dungeon.
You were not hungry.

You visited 1 branch of the dungeon, and saw 1 of its levels.

You collected 7 gold pieces.

Inventory:

Hand Weapons
 i - a +0 dagger
Missiles
 e - 37 arrows
 l - 12 stones (quivered)
 m - 19 sling bullets
Armour
 a - a +0 robe
 d - a +0 helmet (worn)
 f - a +0 leather armour (worn)
Jewellery
 j - a ring of wizardry (left hand)
Scrolls
 g - a scroll of enchant weapon {unknown}
 k - a scroll of noise {unknown}
Potions
 h - a potion of flight {unknown}
Books
 b - a book of Necromancy

   Spells                             Type                      Level
   a - Pain                           Necromancy                   1
   b - Animate Skeleton               Necromancy                   1
   c - Vampiric Draining              Necromancy                   3
   d - Regeneration                   Charms/Necromancy            3
   e - Animate Dead                   Necromancy                   4
   f - Control Undead                 Necromancy                   4
Comestibles
 c - a bread ration


   Skills:
 - Level 1.7 Dodging
 - Level 1.7 Stealth
 + Level 0.6 Unarmed Combat
 - Level 2.0 Spellcasting
 - Level 5.1 Necromancy


You had 3 spell levels left.
You knew the following spells:

 Your Spells              Type           Power        Failure   Level  Hunger
a - Pain                  Necr           ###.         1%          1    #......
b - Animate Skeleton      Necr           N/A          1%          1    #......


Dungeon Overview and Level Annotations

Branches:
Dungeon (1/15)

Altars:


Innate Abilities, Weirdness & Mutations

You have sharp toenails.


Message History

You barely miss the goblin.
The goblin is moderately wounded.
The goblin hits you with a dagger.
The gnoll hits you from afar with a spear.
You barely miss the goblin.
The goblin is moderately wounded.
The goblin barely misses you.
You closely miss the goblin. Your kick misses the goblin.
The goblin is moderately wounded.
The goblin hits you with a dagger.
* * * LOW HITPOINT WARNING * * *
You are too injured to fight recklessly!
You are too injured to fight recklessly!
You are too injured to fight recklessly!
You barely miss the goblin. Your kick misses the goblin.
The goblin is moderately wounded.
The goblin hits you with a dagger.
* * * LOW HITPOINT WARNING * * *
The goblin hits you with a dagger.
You die...

..# .................... ..#
.............)#####. ..#
.................... ..##########
......#.........###.
)..........##.##.#.#.............
............# ...#.#.........###.
#...........######.#.##.#.######.
#######.....)ggg.#.#.##.#....#...
#.###.####@#.#.##.#....#.#.
#.#<### ##.#.#.##......#.#+
+.##..###..............#...
#####...###............#...
##....###..........#...
##.....#####......#.#.
##......###......#.#.
##.......#.....##.#.
##......#.....##.#.


You could see a gnoll and 2 goblins.

Vanquished Creatures
  A giant gecko (D:1)
  A giant cockroach (D:1)
  2 goblins (D:1)
  4 hobgoblins (D:1)
  3 kobolds (D:1)
  2 bats (D:1)
  3 rats (D:1)
16 creatures vanquished.

Vanquished Creatures (collateral kills)
  A kobold (D:1)
1 creature vanquished.

Grand Total: 17 creatures vanquished

Notes
Turn   | Place    | Note
--------------------------------------------------------------
     0 | D:1      | Joat the Demonspawn Necromancer began the quest for the Orb.
     0 | D:1      | Reached XP level 1. HP: 13/13 MP: 3/3
     2 | D:1      | Learned a level 1 spell: Animate Skeleton
   426 | D:1      | Gained mutation: You have sharp toenails. [demonic ancestry]
   426 | D:1      | Reached XP level 2. HP: 17/19 MP: 3/5
   443 | D:1      | Reached skill level 5 in Necromancy
   897 | D:1      | Slain by a goblin

Skill      XL: |  1  2 |
---------------+-------+-----
Necromancy     | 5 |  5.1
Dodging        | |  1.7
Stealth        | |  1.7
Unarmed Combat | |  0.6
Spellcasting   | |  2.0

Action                   || total
-------------------------++-------
Melee: Unarmed           ||    43
       Dagger            ||    20
       Kick              ||     7
 Cast: Pain              ||    13
       Animate Skeleton  ||     1
Armor: Robe              ||    11
       Leather armour    ||     3
Dodge: Dodged            ||    45
